 Dungeon Crawl Stone Soup version 0.27-a0-590-g94244163b4 (webtiles) character file.

Game seed: 12161002834995640453

105 tilp the Sneak (level 4, -2/30 HPs)
             Began as an Octopode Transmuter on Mar 10, 2021.
             Slain by a river rat (7 damage)
             ... on level 3 of the Dungeon.
             The game lasted 00:05:25 (2455 turns).

tilp the Sneak (Octopode Transmuter)                Turns: 2455, Time: 00:05:25

Health: -2/30      AC:  1    Str:  9    XL:     4   Next: 83%
Magic:  4/7        EV: 13    Int: 16    God:
Gold:   90         SH:  0    Dex: 12    Spells: 4/7 levels left

rFire    . . .     SeeInvis .     - Unarmed
rCold    . . .     Faith    .   (no shield)
rNeg     . . .     Spirit   .   (helmet currently unavailable)
rPois    .         Reflect  .   (no amulet)
rElec    .         Harm     .   (no ring)
rCorr    .         Rampage  .   (no ring)
Will     .....                  (no ring)
Stlth    +++.......             (no ring)
HPRegen  0.10/turn              (no ring)
MPRegen  0.10/turn              (no ring)
                                (no ring)
                                (no ring)

@: appendages, flying (expiring), very slightly contaminated
A: almost no armour, amphibious, 8 rings, tentacle spike 3, camouflage 1,
gelatinous body 1, nimble swimmer 1, tentacles
a: End Transformation


You were on level 3 of the Dungeon.
One of your tentacles had a temporary spike.
You visited 1 branch of the dungeon, and saw 3 of its levels.

You collected 90 gold pieces.

Inventory:

Missiles
 a - 17 stones (quivered)
Scrolls
 d - a scroll of identify {unknown}
 f - a scroll of random uselessness {unknown}


   Skills:
 + Level 2.4 Fighting
 - Level 2.0 Dodging
 - Level 4.0 Stealth
 + Level 3.8 Unarmed Combat
 - Level 2.0 Spellcasting
 - Level 2.0 Transmutations


You had 4 spell levels left.
You knew the following spells:

 Your Spells              Type           Power      Damage    Failure   Level
a - Beastly Appendage     Tmut           16%        N/A       9%          1
b - Wereblood             Tmut           8%         N/A       14%         2

Your spell library contained the following spells:

 Spells                   Type           Power      Damage    Failure   Level
 Spider Form              Tmut/Pois      2%         N/A       38%         3
 Ice Form                 Ice/Tmut       4%         N/A       80%         4
 Blade Hands              Tmut           4%         N/A       94%         5


Dungeon Overview and Level Annotations

Branches:
Dungeon (3/15)

Altars:

Annotations:
D:2 Terence
D:3 Grinder


Innate Abilities, Weirdness & Mutations

You cannot wear most types of armour.
You are amphibious.
You can wear up to eight rings at the same time.
Your skin changes colour to match your surroundings (Stealth+).
Your rubbery body absorbs attacks. (AC +1, EV +1)
You are stealthy while swimming. (Stealth+)
You have tentacles for arms and can constrict up to eight enemies at once.
One of your tentacles bears a large vicious spike.


Message History

You howl as the wereblood boils in your veins!
You howl as the wereblood boils in your veins!
Found a pair of gloves.
You howl as the wereblood boils in your veins!
You hear a shout!
You howl as the wereblood boils in your veins!
You see here a +0 pair of gloves.
You flicker for a moment.
Your primal bloodlust is almost over.
A ball python, a rat and 2 river rats come into view.
You flicker back into view.
A rat comes into view.
Your primal bloodlust has ended.
You are starting to lose your buoyancy.
The river rat barely misses you.
Casting: Wereblood (safe; 14% risk of failure)
Confirm with . or Enter, or press ? or * to list all spells.
One of your tentacles grows a vicious spike.
The orc hits you.
* * * LOW HITPOINT WARNING * * *
The river rat bites you.
* * * LOW HITPOINT WARNING * * *
You tentacle-slap the river rat. You grab the river rat.
Your tentacle-slap misses the river rat.
You squeeze the river rat, but do no damage.
The river rat is moderately wounded.
You constrict the river rat, but do no damage.
The orc misses you. The river rat closely misses you.
You tentacle-slap the river rat.
Your tentacle spike misses the river rat.
The river rat is severely wounded.
You constrict the river rat, but do no damage.
The orc hits you.
* * * LOW HITPOINT WARNING * * *
The river rat closely misses you.
You tentacle-slap the river rat but do no damage.
You squeeze the river rat.
The river rat is almost dead.
You constrict the river rat. The orc barely misses you.
The river rat bites you!
You die...

#.######o...
#.........##
#########.#...
#.[.o.......##
#.###########
#.# #.#
#####.#
#@o...#
####r###.#
#........#
#≈r≈.....#
#.≈≈S≈...#
#≈≈≈≈≈...#
##++#≈≈..#
*≈≈≈#≈.≈.#
*≈∩≈#r...#


You could see 2 river rats, an orc and a ball python (asleep).

Vanquished Creatures
  An orc wizard (D:3)
  2 adders (D:2)
  2 dart slugs (D:2)
  3 leopard geckos
  6 orcs (D:3)
  A ball python (D:3)
  2 giant cockroaches (D:1)
  3 goblins (D:2)
  5 hobgoblins
  2 quokkas
  5 bats
  5 frilled lizards
  8 kobolds
  7 rats
52 creatures vanquished.

Notes
Turn   | Place    | Note
-------+----------+-------------------------------------------
     0 | D:1      | tilp the Octopode Transmuter began the quest for the Orb.
     0 | D:1      | Reached XP level 1. HP: 13/13 MP: 3/3
   180 | D:1      | Reached skill level 1 in Stealth
   505 | D:1      | Reached skill level 2 in Stealth
   571 | D:1      | Reached XP level 2. HP: 13/18 MP: 5/5
   827 | D:1      | Reached skill level 3 in Stealth
  1135 | D:2      | Reached XP level 3. HP: 23/23 MP: 4/6
  1162 | D:2      | Reached skill level 4 in Stealth
  1194 | D:2      | Learned a level 2 spell: Wereblood
  2051 | D:2      | Noticed Terence
  2137 | D:2      | Reached XP level 4. HP: 24/29 MP: 3/7
  2414 | D:3      | Noticed Grinder
  2455 | D:3      | Slain by a river rat

Illustrated notes

Levels and vault maps discovered:
D:1:      lightli_arrival_statuegarden, layout_basic, serial_glass,
          glass_columns_b, glass_columns_c
D:2:      layout_loops_ring, grunt_decor_resistance, grunt_ministairs_1,
          chequers_serial_rivers_small_b, chequers_serial_rivers_micro_b,
          uniq_terence
D:3:      layout_loops_ring, serial_aquarium, aquarium_bridge_square
          [aquarium_subvault_balcony, aquarium_subvault_window,
          aquarium_subvault_wall, aquarium_subvault_bridge],
          aquarium_window_fake, aquarium_window_fake, aquarium_view_2d,
          aquarium_view_2f, aquarium_balcony_3a, portal_sewer_entry_e,
          gammafunk_ghost_smash, grunt_qazlal_clouds, uniq_grinder

Skill      XL: |  1  2  3  4 |
---------------+-------------+-----
Stealth        | 2 3 4 |  4.0
Fighting       | 2 |  2.4
Dodging        | |  2.0
Unarmed Combat | |  3.8
Spellcasting   | |  2.0
Transmutations | |  2.0

Action                   |  1- 3 |  4- 6 || total
-------------------------+-------+-------++-------
Melee: Unarmed           |    93 |    32 ||   125
       Constrict         |    28 |     6 ||    34
       Tentacles         |    12 |     4 ||    16
       Kick              |     8 |     7 ||    15
       Punch             |       |     1 ||     1
 Cast: Beastly Appendage |    12 |     6 ||    18
       Wereblood         |     5 |     2 ||     7
  Use: Scroll            |       |     3 ||     3
       Potion            |       |     2 ||     2
 Stab: Sleeping          |     9 |     1 ||    10
       Invisible         |       |     2 ||     2
Armor: Skin              |     8 |     1 ||     9
Dodge: Dodged            |    61 |    24 ||    85

Table legend: (Time is in decaauts)
 A = Elapsed time spent in this place.
 B = Non-inter-level travel time spent in this place.
 C = Inter-level travel time spent in this place.
 D = Time resting spent in this place.
 E = Time spent auto-exploring this place.
 F = Levels seen in this place.
 G = Mean time per level.
                   A        B        C        D        E       F      G
               +--------+--------+--------+--------+--------+-----+--------+
         Total |   2446 |   2346 |    100 |    193 |   1733 |   3 |  815.3 |
       Dungeon |   2446 |   2346 |    100 |    193 |   1733 |   3 |  815.3 |
               +--------+--------+--------+--------+--------+-----+--------+

Top non-repeatable levels by time:
     D:2: 1304 daAuts
     D:1: 957 daAuts
     D:3: 184 daAuts
